 Dungeon Crawl Stone Soup version 0.22.1-2-g9c5b331 (webtiles) character file.

782 Fang the Chopper (level 7, -22/35 HPs)
             Began as a Gargoyle Berserker on Dec 11, 2018.
             Was an Elder of Trog.
             Killed from afar by a wretched star (29 damage)
             ... with an orb of energy
             ... on level 2 of the Abyss.
             The game lasted 00:07:08 (5175 turns).

Fang the Chopper (Gargoyle Berserker)               Turns: 5175, Time: 00:07:09

Health: -22/35     AC: 14    Str: 23    XL:     7   Next: 86%
Magic:  7/7        EV:  9    Int:  7    God:    Trog [****..]
Gold:   582        SH:  0    Dex:  9    Spells: 6/6 levels left

rFire    . . .     SeeInvis .   a - +0 hand axe
rCold    . . .     Gourm    .   (no shield)
rNeg     + . .     Faith    .   f - +0 chain mail
rPois    ∞         Spirit   .   (no helmet)
rElec    +         Reflect  .   (no cloak)
rCorr    .         Harm     .   (no gloves)
MR       .....                  (no boots)
Stlth    ..........             (no amulet)
HPRegen  0.11/turn              (no ring)
MPRegen  0.10/turn              (no ring)

@: very slow
A: [frail 2], negative energy resistance 1, electricity resistance, unbreathing,
petrification resistance, rot immunity, AC +4
a: Berserk, Trog's Hand, Brothers in Arms, Renounce Religion


You were on level 2 of the Abyss.
You worshipped Trog.
Trog was greatly pleased with you.
You were near starving.

You visited 1 branch of the dungeon, and saw 4 of its levels.
You visited the Abyss 1 time.
You also visited: Ossuary.

You collected 582 gold pieces.

Inventory:

Hand Weapons
 a - a +0 hand axe (weapon)
Armour
 f - a +0 chain mail (worn)
Scrolls
 b - 2 scrolls of remove curse
 e - 5 scrolls of identify
 g - 3 scrolls of teleportation
 h - a scroll of fear {unknown}
Potions
 d - a potion of curing {unknown}
 i - a potion of lignification
 j - a potion of might
Comestibles
 c - 6 rations


   Skills:
 + Level 5.1 Fighting
 + Level 6.2 Axes
 + Level 4.2 Armour
 + Level 2.8 Dodging
 + Level 1.1 Stealth


You had 6 spell levels left.
You didn't know any spells.
Your spell library was empty.

Dungeon Overview and Level Annotations

Branches:
Dungeon (4/15)
 Temple: D:4-7

Altars:

Annotations:
D:4 1 runed door, WhitewaterBastard's ghost, amateur GnSk


Innate Abilities, Weirdness & Mutations

You are resistant to torment.
Your stone body is resilient. (AC +4)
You are immune to poison.
You resist negative energy. (rN+)
You are resistant to electric shocks. (rElec)
You can survive without breathing.
You are immune to petrification.
You are immune to rotting.
[You are very frail. (-20% HP)]


Message History

Unknown command.
You start resting.
A wretched star appears in a shower of sparks.
A wretched star is nearby!
A wretched star is nearby!
A wretched star is nearby!
There is a collapsed entrance here.
You enter the shallow water.
Moving in this stuff is going to be slow.
The wretched star pulses with an eldritch light!
You feel frail. x2
The wretched star glows turbulently.
The orb of energy hits you!
Ouch! That really hurt!
* * * LOW HITPOINT WARNING * * *
The orb of energy explodes!
The wretched star glows turbulently.
The orb of energy hits you!
Ouch! That really hurt!
You die...

...#.....#..#...
...............
....... .......
####. . .#...
..... .... .
#....###..## .....
.......##.#.##*.#
#....#≈≈≈..≈..##..
#....'@≈≈≈..≈.....
.
......#.≈≈.≈≈..###
# ......#####.#.##
......... ....#
........ ......
.......#. #....##
###.. ... .. ..#
..... ... .∩....


You could see a wretched star.

Vanquished Creatures
  Grinder (D:3)
  An ogre (D:3)
  An elf zombie (Ossuary)
  A hound (D:4)
  A centaur skeleton (D:4)
  An orc wizard (D:4)
  An iguana (D:4)
  2 big kobold zombies (Ossuary)
  A human simulacrum (Abyss:2)
  A hound skeleton (D:4)
  3 mummies
  Robin (D:3)
  3 gnolls (D:3)
  4 adders
  An ooze (D:3)
  A worm (D:2)
  3 dart slugs
  3 leopard geckos
  6 orcs
  3 giant cockroaches
  18 hobgoblins
  19 jackals
  7 kobolds
  2 quokkas
  A ball python (D:2)
  11 bats
  7 frilled lizards
  A gnoll zombie (Ossuary)
  16 goblins
  2 goblin zombies (Ossuary)
  3 hobgoblin zombies (Ossuary)
  5 orc zombies (Ossuary)
  7 rats
138 creatures vanquished.

Notes
Turn   | Place    | Note
-------+----------+-------------------------------------------
     0 | D:1      | Fang the Gargoyle Berserker began the quest for the Orb.
     0 | D:1      | Reached XP level 1. HP: 14/14 MP: 1/1
   112 | D:1      | Reached XP level 2. HP: 18/19 MP: 2/2
   165 | D:1      | Reached skill level 3 in Axes
   610 | D:1      | Reached XP level 3. HP: 14/24 MP: 3/3
   614 | D:1      | Reached ** piety under Trog
  1909 | D:2      | Reached XP level 4. HP: 22/29 MP: 4/4
  2008 | D:2      | Reached skill level 1 in Stealth
  2054 | D:2      | Reached *** piety under Trog
  2574 | D:3      | Reached skill level 4 in Axes
  2609 | D:3      | Reached XP level 5. HP: 33/33 MP: 5/5
  2835 | D:3      | Noticed an ogre
  2841 | D:3      | Killed an ogre
  2841 | D:3      | Reached XP level 6. HP: 36/38 MP: 6/6
  2895 | D:3      | Noticed Grinder
  2910 | D:3      | Killed Grinder
  2910 | D:3      | Reached skill level 5 in Axes
  2910 | D:3      | Reached XP level 7. HP: 44/44 MP: 7/7
  3025 | D:3      | Noticed Robin
  3030 | D:3      | Killed Robin
  3468 | D:3      | Reached **** piety under Trog
  3680 | D:4      | Found a runed door.
  3755 | D:4      | Found a sand-covered staircase.
  3789 | Ossuary  | Entered an ossuary
  4546 | D:4      | Reached skill level 6 in Axes
  4593 | D:4      | Reached skill level 5 in Fighting
  4674 | D:4      | Found a runed door.
  4704 | D:4      | Noticed WhitewaterBastard's ghost (amateur GnSk)
  5135 | D:4      | Cast into level 2 of the Abyss (WhitewaterBastard's ghost)
  5171 | Abyss:2  | Noticed a wretched star
  5175 | Abyss:2  | Killed from afar by a wretched star

Skill      XL: |  1  2  3  4  5  6  7 |
---------------+----------------------+-----
Axes           | 3 4 5 6 |  6.2
Dodging        | 2 |  2.8
Stealth        | 1 |  1.1
Armour         | 3 4 |  4.2
Fighting       | 4 5 |  5.1

Action                   |  1- 3 |  4- 6 |  7- 9 || total
-------------------------+-------+-------+-------++-------
Melee: Hand axe          |   127 |   148 |   201 ||   476
Invok: Berserk           |     1 |     3 |     2 ||     6
  Use: Scroll            |       |       |     6 ||     6
 Stab: Sleeping          |     2 |       |       ||     2
  Eat: Chunk             |     4 |     5 |     5 ||    14
       Ration            |       |       |     1 ||     1
Armor: Animal skin       |    46 |       |       ||    46
       Chain mail        |     9 |   127 |   141 ||   277
Dodge: Dodged            |    95 |    89 |    86 ||   270
